Map: Kairos Junction LE

Players

SortOf

  • Race: Zerg Zerg
  • League: Diamond
  • Spawn Location: 11:00

DnS - Winner!

  • Race: Protoss Protoss
  • Spawn Location: 5:00

Event: 2019 WCS Summer

VOD

Have the link to the VOD?

Description

Time

  • Played on: July 12, 2019, 10:19 a.m.
  • Length: 7:18

All games in this series

Show
View Real Time Build Order
Export as new Build Order

SortOf Zerg 

Build Orders: Hatch First 

Get SALT Encoding   

  12  0:00  Drone  
  13  0:12  Overlord  
  13  0:17  Drone  
  14  0:31  Drone x2  
  16  0:42  Drone  
  17  0:48  Drone  
  18  0:56  Drone  
  19  1:11  Hatchery  
  18  1:16  Drone  
  19  1:18  Extractor  
  19  1:20  Spawning Pool  
  19  1:21  Drone  
  18  1:51  Drone x3  
  21  2:02  Overlord  
  21  2:04  Hatchery  
  20  2:08  Queen  
  22  2:20  Zergling x2  
  23  2:23  Zergling x2  
  23  2:24  Zergling x2  
  25  2:35  Metabolic Boost, Zergling x2  
  26  2:37  Zergling x2  
  26  2:53  Queen  
  26  2:54  Zergling x2  
  29  3:03  Zergling x2  
  30  3:15  Zergling x2  
  30  3:17  Hatchery  
  30  3:18  Queen  
  30  3:21  Zergling x2  
  30  3:26  Drone  
  31  3:32  Zergling x4  
  33  3:36  Drone  
  34  3:41  Overlord  
  34  3:45  Extractor x2  
  32  3:51  Zergling x2, Spore Crawler  
  32  4:02  Drone x3  
  34  4:08  Drone  
  34  4:09  Drone x3  
  39  4:16  Drone x2  
  40  4:22  Drone  
  41  4:25  Overlord  
  41  4:30  Overlord  
  41  4:31  Drone  
  42  4:43  Overlord  
  42  4:44  Drone x4  
  46  4:46  Drone x2  
  48  4:54  Roach Warren  
  48  4:56  Drone x2  
  48  4:58  Drone  
  50  5:04  Drone x3  
  50  5:06  Drone, Extractor x2  
  52  5:10  Drone x2  
  54  5:15  Zergling x8  
  54  5:18  Zergling x2  
  59  5:25  Zergling x10  
  61  5:30  Overlord  
  61  5:37  Roach x2  
  61  5:38  Overlord  
  61  5:42  Overlord  
  65  5:45  Overlord  
  65  5:50  Roach x4  
  65  5:54  Overlord  
  75  5:57  Roach x2  
  75  6:00  Roach  
  75  6:01  Roach  
  80  6:04  Zergling x4  
  80  6:05  Ravager  
  80  6:08  Ravager  
  80  6:09  Zergling x2  
  84  6:14  Zergling x4, Ravager x2  
  84  6:15  Zergling x2  
  88  6:22  Zergling x10  
  93  6:26  Ravager  
  93  6:29  Zergling x8  
  98  6:37  Zergling x6  
  98  6:39  Ravager x2  
  94  6:45  Roach x2  
  86  6:47  Roach  
  86  6:48  Zergling x8  
  86  6:50  Zergling x2  
  91  6:54  Roach  
  91  6:57  Zergling x6  
Show
View Real Time Build Order
Export as new Build Order

DnS Protoss - Winner!

Build Orders:  

Get SALT Encoding   

  12  0:00  Probe  
  13  0:12  Probe  
  14  0:18  Pylon  
  14  0:24  Probe  
  15  0:32  Probe  
  15  0:39  Gateway  
  15  0:40  Probe  
  16  0:49  Assimilator  
  17  0:51  Probe  
  18  1:03  Probe  
  19  1:17  Gateway  
  19  1:18  Pylon  
  19  1:19  Zealot  
  19  1:21  Probe  
  22  1:34  Cybernetics Core  
  22  1:37  Probe  
  23  1:43  Zealot  
  25  1:48  Pylon  
  25  1:52  Probe  
  26  1:56  Assimilator  
  26  2:09  Probe  
  26  2:11  Adept x2  
  31  2:17  Pylon  
  31  2:23  Warp Gate  
  31  2:35  Probe  
  32  2:53  Probe  
  33  3:04  Nexus  
  33  3:05  Probe  
  34  3:18  Probe  
  34  3:23  Robotics Facility  
  34  3:32  Sentry x2  
  38  3:37  Probe  
  38  3:40  Pylon  
  39  3:58  Probe  
  39  4:02  Warp Prism  
  40  4:08  Probe  
  36  4:13  Stalker  
  36  4:14  Sentry  
  36  4:17  Probe x2  
  45  4:25  Probe  
  45  4:28  Immortal  
  45  4:29  Probe  
  47  4:37  Gateway  
  47  4:39  Gateway  
  51  4:48  Gateway  
  51  4:51  Sentry  
  53  4:54  Gateway  
  53  4:56  Probe, Immortal  
  53  4:58  Probe  
  55  5:11  Pylon  
  59  5:20  Gateway  
  59  5:31  Pylon  
  59  5:34  Sentry x2, Zealot  
  59  5:35  Zealot  
  67  5:37  Pylon  
  67  5:44  Pylon  
  67  5:54  Pylon x2  
  67  5:59  Stalker x3  
  67  6:04  Zealot  
  75  6:08  Adept  
  77  6:13  Zealot  
  77  6:15  Zealot  
  81  6:26  Zealot x4  
  89  6:46  Stalker x4  
  95  6:51  Zealot  
  81  7:10  Zealot x4  
Tags
 
Add a new tag
Caveats
  • Supply blocks, unpowered buildings, or Contaminate may cause inaccurate times.
  • Supply counts are checked every 10 seconds.